 Dungeon Crawl Stone Soup version 0.31-a0-204-g7da18cac08 (webtiles) character file.

Game seed: 16825392784943814414

389 Monkooky the Firebug (level 6, -6/47 HPs)
             Began as a Mummy Cinder Acolyte on June 27, 2023.
             Was a High Priest of Ignis.
             Killed from afar by an orc wizard (9 damage)
             ... with a puff of flame
             ... on level 4 of the Dungeon.
             The game lasted 00:07:34 (3742 turns).

Monkooky the Firebug (Mummy Cinder Acolyte)         Turns: 3742, Time: 00:07:35

Health: -6/47      AC:  6    Str: 18    XL:     6   Next: 49%
Magic:  2/8        EV: 10    Int: 15    God:    Ignis [*****.]
Gold:   149        SH:  0    Dex:  7    Spells: 5/7 levels left

rFire   . . .        a - -1 mace (flame)
rCold   + . .        (no shield)
rNeg    + + +        i - +0 ring mail
rPois   ∞            j - +0 helmet
rElec   .            k - scarf {harm}
rCorr   .            (no gloves)
SInv    .            (no boots)
Will    .....        (no amulet) Stlth
                     (no ring)
HPRegen 0.27/turn    (no ring)
MPRegen 0.11/turn

%: harm (+30% outgoing, +20% incoming), faith
@: confused
A: cold resistance 1, negative energy resistance 3, torment resistance 2, heat
vulnerability 1, in touch with death 1, no potions, faith
a: Renounce Religion, Fiery Armour, Foxfire Swarm, Rising Flame


You were on level 4 of the Dungeon.
You worshipped Ignis.
Ignis was extremely pleased with you.
You visited 1 branch of the dungeon, and saw 4 of its levels.

You collected 149 gold pieces.

Inventory:

Hand Weapons
 a - a -1 mace of flaming (weapon)
 h - a +0 rapier
 m - a +2 dagger of draining
 n - a +0 flail
 o - a +0 morningstar
Armour
 b - a +0 robe
 i - a +0 ring mail (worn)
 j - a +0 helmet (worn)
 k - a scarf of harm (worn)
Wands
 f - a wand of flame (6)
Scrolls
 c - a scroll of teleportation
 d - 2 scrolls of immolation
 e - 2 scrolls of identify
 g - a scroll of silence
 l - a scroll of fear


   Skills:
 - Level 3.5 Fighting
 + Level 2.4 Maces & Flails
 - Level 1.3 Spellcasting
 - Level 5.9 Fire Magic


You had 5 spell levels left.
You knew the following spells:

 Your Spells              Type           Power      Damage    Failure   Level
a - Scorch                Fire           36%        2d7       5%          2

Your spell library contained the following spells:

 Spells                   Type           Power      Damage    Failure   Level
 Portal Projectile        Hex/Tloc       2%         N/A       77%         3
 Tukima's Dance           Hex            1%         N/A       77%         3
 Blade Hands              Tmut           Unusable   N/A       N/A         5

Dungeon Overview and Level Annotations

Branches:
Dungeon (4/15)
 Temple: D:4-7

Altars:


Innate Abilities, Weirdness & Mutations

You are immune to poison.
Your flesh is cold resistant. (rC+)
You are immune to negative energy. (rN+++)
You are immune to unholy pain and torment.
You are vulnerable to heat. (rF-)
You are in touch with the powers of death.
You do not drink.
You have a special connection with the divine. (Faith)


Message History

Where to? (Enter - D:4, ? - help)
There is a stone staircase leading down here.
You climb downwards.
There is a stone staircase leading up here.
There are monsters nearby!
Flames lash the orc.
You kill the orc!
Flames lash the orc wizard.
The orc wizard is heavily wounded.
The orc wizard's fire resistance burns away.
The orc wizard gestures at you while chanting.
You easily resist.
Flames lash the orc wizard.
The orc wizard is heavily wounded.
The orc wizard casts a spell.
The orc wizard flickers and vanishes!
Deactivating autopickup; reactivate with Ctrl-A.
The orc wizard gestures at you while chanting.
The puff of flame hits you!
The orc wizard gestures at you while chanting.
You are confused.
In your confused state, you trip and fall back down the stairs.
The orc wizard hits you with a +0 dagger.
Unknown command.
Unknown command.
The orc wizard zaps a wand.
Your mind is blasted!
The orc wizard points at you and mumbles some strange words.
You easily resist.
In your confused state, you trip and fall back down the stairs.
The orc wizard zaps a wand.
Your mind is blasted!
* * * LOW HITPOINT WARNING * * *
The orc wizard closely misses you.
Okay, then.
Unknown command.
You are too confused!
You bump into the rock wall.
You hear some strange, mumbled words.
A puff of flame appears from out of thin air!
The puff of flame hits you!
You die...

#.o.#.# #..#
#.##.##...##
#....#.....#
##..o......# ##
#...#...#.## #...
##)###...###
.....##$###.....##
........oo[......#
..##....@.{.......#
#...#####......##
#... ###....# .....
##### ..... ..#..
.##.


You could see 2 orc wizards.

Vanquished Creatures
  Grinder (D:3)
  Natasha (thrice) (D:2)
  Robin (D:1)
  2 adders
  2 worms (D:3)
  4 orcs
  5 bats
  6 endoplasms
  3 giant cockroaches
  14 goblins
  9 hobgoblins
  7 jackals
  5 quokkas
  3 ball pythons (D:2)
  2 frilled lizards (D:2)
  3 kobolds
  2 rats
72 creatures vanquished.

Vanquished Creatures (others)
  20 foxfires (D:2)
20 creatures vanquished.

Grand Total: 92 creatures vanquished

Notes
Turn   | Place    | Note
-------+----------+-------------------------------------------
     0 | D:1      | Monkooky the Mummy Cinder Acolyte began the quest for the
                  | Orb.
     0 | D:1      | Reached XP level 1. HP: 18/18 MP: 2/2
   391 | D:1      | Reached XP level 2. HP: 24/24 MP: 4/4
   394 | D:1      | Learned a level 2 spell: Scorch
   996 | D:2      | Noticed Robin
  1262 | D:1      | Reached skill level 3 in Fire Magic
  1291 | D:1      | Gained mutation: You are in touch with the powers of death.
                  | [Mummy growth]
  1291 | D:1      | Reached XP level 3. HP: 21/29 MP: 0/5
  1347 | D:1      | Killed Robin
  1719 | D:2      | Noticed Natasha
  1728 | D:2      | Killed Natasha
  1729 | D:2      | Reached XP level 4. HP: 18/35 MP: 2/6
  1919 | D:2      | Reached skill level 4 in Fire Magic
  2370 | D:2      | Noticed Natasha
  2375 | D:2      | Killed Natasha
  2577 | D:2      | Noticed Natasha
  2594 | D:2      | Killed Natasha
  2595 | D:2      | Reached XP level 5. HP: 27/41 MP: 4/7
  2954 | D:3      | Found a faded altar of an unknown god.
  2954 | D:3      | Noticed a shining eye
  2958 | D:3      | Noticed a golden eye
  2958 | D:3      | Noticed a great orb of eyes
  2958 | D:3      | Noticed a golden eye
  3210 | D:3      | Noticed Grinder
  3218 | D:3      | Killed Grinder
  3219 | D:3      | Reached skill level 5 in Fire Magic
  3219 | D:3      | Reached XP level 6. HP: 36/47 MP: 5/8
  3742 | D:4      | Killed from afar by an orc wizard

Illustrated notes

Levels and vault maps discovered:
D:1:      spicycebolla_green_bress_n_ham_2, layout_basic, minmay_split_cup_large
D:2:      layout_basic, uniq_robin, uniq_natasha
D:3:      layout_loops_ring, hellmonk_ecumenical_altar_watching_god,
          serial_bayou_ford_a, minmay_crystal_water, uniq_grinder
D:4:      layout_cave_pools, serial_shops, shop, minmay_ogre_servants

Skill      XL: |  1  2  3  4  5 |
---------------+----------------+-----
Fire Magic     | 3 4 5 |  5.9
Fighting       | |  3.5
Maces & Flails | |  2.4
Spellcasting   | |  1.3

Action                     |  1- 3 |  4- 6 || total
---------------------------+-------+-------++-------
  Melee: Mace              |    52 |     8 ||    60
   Cast: Scorch            |    24 |    36 ||    60
 Invoke: Fiery Armour      |     1 |       ||     1
         Foxfire Swarm     |     1 |       ||     1
  Evoke: Wand              |       |     4 ||     4
    Use: Scroll            |       |     6 ||     6
 Armour: Robe              |    14 |       ||    14
         Ring mail         |    26 |     7 ||    33
  Dodge: Dodged            |    65 |    13 ||    78

Table legend: (Time is in decaauts)
 A = Elapsed time spent in this place.
 B = Non-inter-level travel time spent in this place.
 C = Inter-level travel time spent in this place.
 D = Time resting spent in this place.
 E = Time spent auto-exploring this place.
 F = Levels seen in this place.
 G = Mean time per level.
                   A        B        C        D        E       F      G
               +--------+--------+--------+--------+--------+-----+--------+
         Total |   3782 |   3561 |    221 |    400 |   2624 |   4 |  945.5 |
       Dungeon |   3782 |   3561 |    221 |    400 |   2624 |   4 |  945.5 |
               +--------+--------+--------+--------+--------+-----+--------+

Top non-repeatable levels by time:
     D:2: 1367 daAuts
     D:1: 1331 daAuts
     D:3: 1056 daAuts
     D:4: 27 daAuts
